 Dungeon Crawl Stone Soup version 0.26.1-11-gd32895ea62 (webtiles) character file.

Game seed: 12312466270671762751

4287 mankey1987 the Nimble (level 10, -1/117 (138) HPs)
             Began as an Ogre Berserker on May 28, 2021.
             Was an Elder of Trog.
             Slain by a wight
             ... wielding a cursed +2 great sword
              (5 damage)
             ... on level 7 of the Dungeon.
             The game lasted 00:19:03 (11946 turns).

mankey1987 the Nimble (Ogre Berserker)             Turns: 11946, Time: 00:19:04

HP:   -1/117 (138)  AC:  5    Str: 17 (21) XL:     10   Next: 32%
MP:   10/10         EV:  1    Int:  7 (8)  God:    Trog [****..]
Gold: 574           SH:  0    Dex: -10 (11)Spells: 9/9 levels left

rFire    + . .     SeeInvis .   d - +1 flail (vorpal)
rCold    + . .     Faith    .   (no shield)
rNeg     . . .     Spirit   .   b - +2 animal skin
rPois    .         Reflect  .   (helmet restricted)
rElec    .         Harm     .   B - scarf {rC+ rF+}
rCorr    +         Rampage  .   (gloves unavailable)
Will     ++...                  (boots unavailable)
Stlth    ..........             r - amulet of the acrobat
HPRegen  0.29/turn              E - ring of willpower
MPRegen  0.12/turn              A - ring of resist corrosion

@: berserking (expiring), slowed, lost dexterity, heavily drained
A: large, unfitting armour, deterioration 1, mutation resistance 1, tough skin
1, weak 1
a: Renounce Religion, Berserk, Trog's Hand, Brothers in Arms


You were on level 7 of the Dungeon.
You worshipped Trog.
Trog was greatly pleased with you.
You visited 1 branch of the dungeon, and saw 7 of its levels.
You also visited: Ossuary.

You collected 574 gold pieces.

Inventory:

Hand Weapons
 d - a +1 vorpal flail (weapon)
 F - a +1 morningstar of freezing
 G - a +1 giant spiked club
Armour
 b - a +2 animal skin (worn)
 B - a scarf of resistance (worn)
Jewellery
 r - an amulet of the acrobat (around neck)
 v - an uncursed amulet of guardian spirit
 A - a ring of resist corrosion (right hand)
 E - a ring of willpower (left hand)
Wands
 f - a wand of digging (4)
 x - a wand of paralysis (5)
Scrolls
 c - 2 scrolls of identify
 g - 5 scrolls of remove curse
 h - 2 scrolls of fear
 j - 3 scrolls of magic mapping
 m - 2 scrolls of teleportation
 p - a scroll of amnesia
 y - 3 scrolls of enchant armour
Potions
 l - 2 potions of attraction
 o - 4 potions of curing
 s - a potion of flight
 w - 5 potions of brilliance {unknown}
 z - 4 potions of cancellation {unknown}
 C - a potion of magic {unknown}
 D - a potion of haste {unknown}


   Skills:
 - Level 4.0 Fighting
 - Level 2.6 Maces & Flails
 + Level 13.3 Dodging


You had 9 spell levels left.
You didn't know any spells.
Your spell library was empty.

Dungeon Overview and Level Annotations

Branches:
Dungeon (7/15)             Temple (0/1) D:6         Ossuary (visited)

Altars:
Ashenzari
Elyvilon
Nemelex Xobeh
Uskayaw
Lugonu

Portals:
Abyss: D:6


Innate Abilities, Weirdness & Mutations

You are too large for most types of armour.
You have tough skin. (AC +1)
Your body sometimes deteriorates upon taking damage.
You are somewhat resistant to further mutation.
You are weak. (Str -2)


Message History

The wight hits you with a cursed +0 great sword.
* * * LOW HITPOINT WARNING * * *
You feel drained.
* * * LOW HITPOINT WARNING * * *
You closely miss the wight.
The wight is severely damaged.
The wight hits you but does no damage.
The wight hits you with a cursed +0 great sword.
* * * LOW HITPOINT WARNING * * *
You feel drained.
You barely miss the wight.
The wight is severely damaged.
The wight hits you with a cursed +2 great sword.
* * * LOW HITPOINT WARNING * * *
The wight hits you with a cursed +0 great sword.
* * * LOW HITPOINT WARNING * * *
You closely miss the wight.
The wight is severely damaged.
The wight hits you with a cursed +2 great sword.
You die...

#..............##
#..............#
#.........##...##
##.......#####...####
#........#
##.....#####
..###...##
#####..(|.# ##..##
#####). #....## ##.
##...@.## #.
#...zz..# ##.
#..###....# #.. #..#
#....####### ###..
...#
...###.....###....
..# ...##
#........[... ##
...## #....####....
.z.# #>..## ##...
...# ##..#######...


You could see 2 wights.

Vanquished Creatures
  The ghost of Dillybarz the Skirmisher, an amateur OgBe of Trog (D:3)
  5 yaks (D:6)
  Edmund (D:4)
  Duvessa (D:6)
  An orc warrior (D:6)
  An ice beast (D:6)
  3 sky beasts
  A black bear (D:7)
  6 ogres
  A phantom (D:7)
  3 centaurs
  An elf zombie (Ossuary)
  Blork the orc (D:4)
  A bullfrog (D:5)
  Dowan (D:6)
  3 scorpions
  5 wights (D:6)
  3 jellies
  A quasit (D:7)
  A bullfrog zombie (D:6)
  4 centaur zombies
  A hound (D:3)
  4 orc priests
  3 iguanas
  2 bullfrog skeletons (D:6)
  3 orc wizards
  3 worker ants
  A hound zombie (Ossuary)
  3 mummies (Ossuary)
  A hound skeleton (D:6)
  A howler monkey zombie (D:7)
  3 gnolls
  A howler monkey skeleton (D:3)
  8 adders
  A shadow imp (D:7)
  An ufetubus (D:6)
  3 oozes
  6 adder zombies
  3 worms
  A dart slug (D:1)
  8 leopard geckos
  24 orcs
  10 bats
  5 giant cockroaches
  3 gnoll zombies (Ossuary)
  19 goblins
  7 hobgoblins
  8 jackals
  7 kobolds
  3 quokkas
  2 ball pythons
  3 frilled lizards
  6 goblin zombies (Ossuary)
  A hobgoblin zombie (Ossuary)
  A jackal zombie (Ossuary)
  4 kobold zombies (Ossuary)
  A leopard gecko skeleton (D:6)
  An orc zombie (Ossuary)
  4 quokka zombies (Ossuary)
  7 rats
  6 rat zombies (Ossuary)
224 creatures vanquished.

Vanquished Creatures (collateral kills)
  An ice beast (D:7)
  A hound (D:7)
  An orc wizard (D:7)
  An orc (D:7)
4 creatures vanquished.

Vanquished Creatures (others)
  A lurking horror (D:6)
1 creature vanquished.

Grand Total: 229 creatures vanquished

Notes
Turn   | Place    | Note
-------+----------+-------------------------------------------
     0 | D:1      | mankey1987 the Ogre Berserker began the quest for the Orb.
     0 | D:1      | Reached XP level 1. HP: 24/24 MP: 1/1
    44 | D:1      | Reached skill level 3 in Dodging
   152 | D:1      | Reached XP level 2. HP: 32/32 MP: 2/2
   522 | D:1      | Reached XP level 3. HP: 39/39 MP: 3/3
   538 | D:1      | Reached ** piety under Trog
  1051 | D:2      | Reached skill level 4 in Dodging
  1483 | D:2      | Reached XP level 4. HP: 36/48 MP: 4/4
  1789 | D:2      | Noticed a +0 dagger
  1789 | D:2      | Noticed a +0 dagger
  1792 | D:2      | Found a hide-covered altar of Uskayaw.
  2792 | D:3      | Reached skill level 5 in Dodging
  2817 | D:3      | Reached XP level 5. HP: 54/54 MP: 5/5
  2884 | D:3      | Reached *** piety under Trog
  3021 | D:3      | Found a runed translucent gate.
  3021 | D:3      | Found a runed translucent gate.
  3021 | D:3      | Found a runed translucent gate.
  3025 | D:3      | Noticed Dillybarz's ghost (amateur OgBe)
  3105 | D:3      | Gained mutation: Armour fits poorly on your strangely
                  | shaped body. [potion of mutation]
  3105 | D:3      | Gained mutation: You have a pair of small horns on your
                  | head. [potion of mutation]
  3106 | D:3      | Lost mutation: You have a pair of small horns on your head.
                  | [potion of mutation]
  3106 | D:3      | Lost mutation: Armour fits poorly on your strangely shaped
                  | body. [potion of mutation]
  3106 | D:3      | Gained mutation: You have supernaturally acute eyesight.
                  | (SInv) [potion of mutation]
  3106 | D:3      | Gained mutation: Your mind is acute. (Int +2) [potion of
                  | mutation]
  3106 | D:3      | Gained mutation: You have a pair of small horns on your
                  | head. [potion of mutation]
  3134 | D:3      | Killed Dillybarz's ghost
  3135 | D:3      | Reached skill level 6 in Dodging
  3135 | D:3      | Reached XP level 6. HP: 62/62 MP: 4/6
  3440 | D:4      | Noticed Edmund
  3448 | D:4      | Killed Edmund
  3449 | D:4      | Reached skill level 7 in Dodging
  3449 | D:4      | Reached XP level 7. HP: 70/70 MP: 7/7
  3654 | D:4      | Noticed Blork the orc
  3655 | D:4      | Found a sand-covered staircase.
  3661 | D:4      | Killed Blork the orc
  3707 | Ossuary  | Entered an ossuary
  4025 | Ossuary  | Reached **** piety under Trog
  4077 | Ossuary  | Reached skill level 8 in Dodging
  4172 | Ossuary  | Lost mutation: Your mind is acute. (Int +2) [potion of
                  | mutation]
  4172 | Ossuary  | Lost mutation: You have a pair of small horns on your head.
                  | [potion of mutation]
  4172 | Ossuary  | Lost mutation: You have supernaturally acute eyesight.
                  | (SInv) [potion of mutation]
  4172 | Ossuary  | Gained mutation: You are weak. (Str -2) [potion of
                  | mutation]
  4172 | Ossuary  | Gained mutation: Your body sometimes deteriorates upon
                  | taking damage. [potion of mutation]
  4172 | Ossuary  | Gained mutation: You are somewhat resistant to further
                  | mutation. [potion of mutation]
  4650 | D:4      | Reached XP level 8. HP: 68/78 MP: 8/8
  5101 | D:5      | Entered Level 5 of the Dungeon
  5558 | D:5      | Reached skill level 9 in Dodging
  5695 | D:5      | Reached skill level 10 in Dodging
  5861 | D:5      | Found a sparkling altar of Nemelex Xobeh.
  5861 | D:5      | Found a broken altar of Ashenzari.
  6327 | D:6      | Found a staircase to the Ecumenical Temple.
  6493 | D:6      | Reached XP level 9. HP: 80/84 MP: 9/9
  6582 | D:6      | Reached skill level 11 in Dodging
  7206 | D:6      | Found a corrupted altar of Lugonu.
  7206 | D:6      | Found a one-way gate to the infinite horrors of the Abyss.
  7603 | D:6      | Noticed Dowan
  7604 | D:6      | Noticed Duvessa
  7646 | D:5      | Reached skill level 12 in Dodging
  8210 | D:6      | Killed Duvessa
  8217 | D:6      | Killed Dowan
  8401 | D:6      | Found a white marble altar of Elyvilon.
  9141 | D:7      | Reached XP level 10. HP: 92/92 MP: 10/10
  9656 | D:7      | Lost dexterity.
 10345 | D:7      | Reached skill level 13 in Dodging
 11945 | D:7      | HP: 4/117 [wight/cursed +0 great sword (4)]
 11946 | D:7      | Slain by a wight

Illustrated notes

Levels and vault maps discovered:
D:1:      nicolae_arrival_washed_ashore, layout_loops_ring
D:2:      cheibrodos_greedy_goblins, layout_loops_corners,
          dancing_weapons_uskayaw
D:3:      layout_rooms, gammafunk_ghost_necromancy
D:4:      layout_basic, enter_ossuary_1, uniq_blork_the_orc, uniq_edmund
D:5:      layout_rooms, gammafunk_temple_overflow_statue
D:6:      layout_basic, nicolae_overflow_crystal_walls,
          minmay_temple_entry_statues_fountains,
          amcnicky_altar_lugonu_corruption, uniq_duvessa
D:7:      minmay_thick_lines, layout_layer_cave, zin_scriptorium

Skill      XL: |  1  2  3  4  5  6  7  8  9 10 |
---------------+-------------------------------+-----
Dodging        | 3 4 5 6 7 8 10 12 13 | 13.3
Fighting       | |  4.0
Maces & Flails | |  2.6

Action                   |  1- 3 |  4- 6 |  7- 9 | 10-12 || total
-------------------------+-------+-------+-------+-------++-------
Melee: Mace              |   119 |   146 |     2 |       ||   267
       Flail             |       |       |   442 |   151 ||   593
       Headbutt          |       |       |    25 |       ||    25
Invok: Berserk           |       |     4 |    11 |    10 ||    25
       Trog's Hand       |       |       |     1 |     2 ||     3
       Brothers in Arms  |       |       |       |     1 ||     1
Evoke: Wand              |       |       |       |     4 ||     4
  Use: Scroll            |       |     6 |       |     9 ||    15
       Potion            |       |     7 |     5 |    10 ||    22
 Stab: Distracted        |       |       |     1 |       ||     1
       Sleeping          |       |       |     1 |       ||     1
Armor: Animal skin       |    62 |    49 |    72 |   121 ||   304
       Skin              |       |    53 |    25 |       ||    78
Dodge: Dodged            |    91 |   113 |   372 |   134 ||   710
